 Dungeon Crawl Stone Soup version 0.28.0-53-g5a82cb258f (webtiles) character file.

Game seed: 15472005663413893802

281 H0rd4k the Charlatan (level 6, -1/45 HPs)
             Began as a Human Artificer on Aug 8, 2022.
             Slain by a hound (2 damage)
             ... on level 5 of the Dungeon.
             The game lasted 00:04:09 (4076 turns).

H0rd4k the Charlatan (Human Artificer)              Turns: 4076, Time: 00:04:10

Health: -1/45      AC:  3    Str: 13    XL:     6   Next: 53%
Magic:  0/6        EV: 12    Int: 13    God:
Gold:   127        SH:  0    Dex: 13    Spells: 5/5 levels left

rFire   . . .      SeeInvis .   r - +0 flail
rCold   . . .      Faith    .   (no shield)
rNeg    . . .      Spirit   +   b - +0 leather armour
rPois   .          Reflect  .   (no helmet)
rElec   .          Harm     .   (no cloak)
rCorr   .          Rampage  .   (no gloves)
Will    .....                   (no boots)
Stlth   +.........              f - amulet of guardian spirit
HPRegen 0.15/turn               (no ring)
MPRegen 0.10/turn               (no ring)

@: brilliant
A: no striking features
a: no special abilities


You were on level 5 of the Dungeon.
You visited 1 branch of the dungeon, and saw 5 of its levels.

You collected 127 gold pieces.

Inventory:

Hand Weapons
 r - a +0 flail (weapon)
Armour
 b - a +0 leather armour (worn)
Magical Staves
 a - a staff of death
 s - a staff of poison
Jewellery
 f - an amulet of guardian spirit (around neck)
 k - an amulet of magic regeneration
Wands
 c - a wand of flame (7) (quivered)
 q - a wand of polymorph (2)
Scrolls
 g - a scroll of noise {unknown}
 i - a scroll of fear {unknown}
 j - 2 scrolls of immolation {unknown}
 l - 2 scrolls of teleportation {unknown}
 n - a scroll of summoning {unknown}
 o - a scroll of identify {unknown}
 p - a scroll of fog {unknown}
Potions
 h - a potion of brilliance
 m - a potion of flight {unknown}
 t - a potion of berserk rage {unknown}
Miscellaneous
 e - a piece from Xom's chessboard (10/15)


   Skills:
 + Level 2.3 Fighting
 + Level 2.6 Maces & Flails
 - Level 2.0 Armour
 + Level 3.3 Dodging
 - Level 1.0 Stealth
 + Level 4.5 Evocations


You had 5 spell levels left.
You didn't know any spells.
Your spell library was empty.

Dungeon Overview and Level Annotations

Branches:
Dungeon (5/15)
 Temple: D:4-7

Altars:

Annotations:
D:2 exclusion: downstairs
D:3 Sigmund, Terence


Message History

The hound barely misses you.
Items here: )) [ †.
The hound bites you but does no damage.
Okay, then.
You make a move on Xom's chessboard...
The hound seems to speed up.
The hound closely misses you. The hound bites you.
* * * LOW HITPOINT WARNING * * *
Unknown command.
You make a move on Xom's chessboard...
The hound struggles to resist.
The hound bites you.
* * * LOW HITPOINT WARNING * * *
The hound closely misses you.
Unknown command.
Unknown command.
You make a move on Xom's chessboard...
The ice beast seems to grow stronger.
The hound bites you but does no damage. The hound barely misses you.
The hound bites you.
Unknown command.
Unknown command.
You make a move on Xom's chessboard...
Nothing appears to happen.
The hound bites you but does no damage. The hound completely misses you.
Unknown command.
Unknown command.
You make a move on Xom's chessboard...
The hound struggles to resist.
The hound bites you.
* * * LOW HITPOINT WARNING * * *
The hound barely misses you.
Unknown command.
Unknown command.
The hound bites you.
* * * LOW HITPOINT WARNING * * *
The hound barely misses you.
It was a potion of brilliance.
You feel clever all of a sudden. The hound barely misses you. x2
The hound bites you.
* * * LOW HITPOINT WARNING * * *
There is an open door here.
The hound bites you.
You die...

## #.# #.....# #.#
.#####.###.....## #.#
.'.......'......###.#
.#########.....).##.#
.# #.....#.##.# .+
#.....#Y##.# .#
#######..#.#### .(
###h#....# ..
#.@....#.# #.
#......#+#####
#............#
####.........#
#####........#
.............#
###..........#
#.......(..#
####.......#


You could see a hound (fast).

Vanquished Creatures
  A phantom (D:3)
  2 gnolls
  A dart slug (D:1)
  10 ball pythons
  8 bats
  4 endoplasms
  7 goblins
  2 hobgoblins
  2 jackals (D:3)
  A kobold (D:1)
  A quokka (D:1)
  3 frilled lizards (D:1)
  7 rats
49 creatures vanquished.

Vanquished Creatures (collateral kills)
  An ogre (D:5)
  Ijyb (D:3)
  2 gnolls (D:5)
  An adder (D:3)
  An orc (D:5)
  An endoplasm (D:3)
  2 rats (D:3)
9 creatures vanquished.

Vanquished Creatures (others)
  A phantom (D:3)
  A gnoll (D:5)
  A bat (D:3)
3 creatures vanquished.

Grand Total: 61 creatures vanquished

Notes
Turn   | Place    | Note
-------+----------+-------------------------------------------
     0 | D:1      | H0rd4k the Human Artificer began the quest for the Orb.
     0 | D:1      | Reached XP level 1. HP: 15/15 MP: 1/1
   187 | D:1      | Reached XP level 2. HP: 21/21 MP: 2/2
   796 | D:1      | Reached XP level 3. HP: 26/26 MP: 3/3
  1083 | D:1      | Reached skill level 4 in Evocations
  1939 | D:2      | Reached XP level 4. HP: 30/32 MP: 4/4
  2597 | D:3      | Reached skill level 1 in Maces & Flails
  2725 | D:3      | Noticed a phantom
  2748 | D:3      | Noticed a phantom
  2749 | D:3      | Noticed Ijyb
  2799 | D:3      | Killed Ijyb
  2805 | D:3      | Reached XP level 5. HP: 16/38 MP: 5/5
  2811 | D:3      | Killed a phantom
  3053 | D:3      | Noticed Sigmund
  3059 | D:3      | Found a faded altar of an unknown god.
  3677 | D:3      | Noticed Terence
  3697 | D:4      | Noticed a phantom
  3702 | D:5      | Entered Level 5 of the Dungeon
  3722 | D:5      | Reached XP level 6. HP: 44/44 MP: 6/6
  4018 | D:5      | Noticed an ogre
  4019 | D:5      | Noticed an ice beast
  4025 | D:5      | Killed an ogre
  4073 | D:5      | HP: 1/45 [hound (2)]
  4076 | D:5      | Slain by a hound

Illustrated notes

Levels and vault maps discovered:
D:1:      minmay_arrival_doors, layout_basic
D:2:      layout_loops_cross
D:3:      layout_basic, ebering_ecumenical_altar_rust, roderic_three_in_a_row,
          uniq_sigmund, uniq_ijyb, uniq_terence
D:4:      layout_basic, makhleb_altar_promises_db,
          nicolae_overflow_hidden_temple, uniq_eustachio
D:5:      layout_basic

Skill      XL: |  1  2  3  4  5  6 |
---------------+-------------------+-----
Evocations     | 4 |  4.5
Maces & Flails | 1 2 |  2.6
Dodging        | 2 3 |  3.3
Fighting       | 2 |  2.3
Armour         | |  2.0
Stealth        | |  1.0

Action                   |  1- 3 |  4- 6 || total
-------------------------+-------+-------++-------
Melee: Club              |   138 |    66 ||   204
       Punch             |     2 |     2 ||     4
       Unarmed           |       |     2 ||     2
       Flail             |       |     4 ||     4
Evoke: Wand              |     3 |    20 ||    23
       Piece from Xom's  |       |     5 ||     5
  Use: Potion            |       |     1 ||     1
 Stab: Sleeping          |     1 |       ||     1
Armor: Leather armour    |    71 |    48 ||   119
       Skin              |       |     2 ||     2
Dodge: Dodged            |   118 |   124 ||   242
